 Dungeon Crawl Stone Soup version 0.22-a0-362-g535178c (webtiles) character file.

9044 Amnesiac the Nimble (level 11, -6/84 HPs)
             Began as a Mummy Wizard on Apr 21, 2018.
             Was an Initiate of Ashenzari.
             Hit by a javelin of penetration thrown by a minotaur (28 damage)
             ... in a labyrinth.
             The game lasted 00:33:48 (18091 turns).

Amnesiac the Nimble (Mummy Wizard)                 Turns: 18091, Time: 00:33:48

Health: -6/84      AC:  7    Str: 14      XL:     11   Next: 17%
Magic:  0/23       EV: 16    Int: 15 (20) God:    Ashenzari [......]
Gold:   430        SH:  0    Dex: 11      Spells: 5/26 levels left

rFire    x . .     SeeInvis .   a - +9 spear of Prudence {flame, +Fly rC+ rN++}
rCold    + + .     Gourm    .   (no shield)
rNeg     + + +     Faith    .   h - +2 robe {MR+}
rPois    ∞         Spirit   +   v - +0 helmet
rElec    .         Reflect  .   A - scarf {Spirit}
rCorr    .         Harm     .   q - +1 pair of gloves
MR       ++...                  (no boots)
Stlth    ++........             E - amulet of regeneration
HPRegen  0.64/turn              y - +3 ring of strength
MPRegen  0.18/turn              (no ring)

@: about to teleport, very slightly contaminated
A: no food or potions, fire vulnerability, cold resistance 1, negative energy
resistance 3, torment resistance, unbreathing
a: Curse Item, Renounce Religion, Evoke Flight


You were in a labyrinth.
You worshipped Ashenzari.
Ashenzari was noncommittal.
You were not hungry.

You visited 2 branches of the dungeon, and saw 12 of its levels.
You also visited: Labyrinth and Bailey.

You collected 682 gold pieces.
You spent 252 gold pieces at shops.

Inventory:

Hand Weapons
 a - the +9 spear of Prudence (weapon) {flame, +Fly rC+ rN++}
   (You found it on level 7 of the Dungeon)

   It has been specially enchanted to burn those struck by it, causing extra
   injury to most foes and up to half again as much damage against particularly
   susceptible opponents.
   It protects you from cold.
   It greatly protects you from negative energy.
   It lets you fly.
 b - the +8 rapier of Kygoig {flame, +Fly rC+ Int+2}
   (You found it on level 8 of the Dungeon)

   It has been specially enchanted to burn those struck by it, causing extra
   injury to most foes and up to half again as much damage against particularly
   susceptible opponents.
   It affects your intelligence (+2).
   It protects you from cold.
   It lets you fly.
 w - a +3 hunting sling
 B - the +1 trident "Less" {pierce, -Tele rF+ Int+2 SInv}
   (You found it on level 5 of the Dungeon)

   It inflicts extra damage upon your enemies.
   It affects your intelligence (+2).
   It protects you from fire.
   It lets you see invisible.
   It prevents most forms of teleportation.
Missiles
 g - 192 stones (quivered)
 s - 37 sling bullets
 x - 6 throwing nets
Armour
 h - a +2 robe of magic resistance (worn)
 p - a +3 leather armour
 q - a +1 pair of gloves (worn)
 v - a +0 helmet (worn)
 A - a scarf of spirit shield (worn)
Jewellery
 n - an uncursed ring of teleportation
 y - a +3 ring of strength (left hand)
 D - an uncursed amulet of guardian spirit
 E - an amulet of regeneration (around neck)
 G - an uncursed amulet of harm
Wands
 o - a wand of disintegration (16)
 r - a wand of enslavement (14)
 t - a wand of clouds (6)
 C - a wand of flame (27)
 H - a wand of paralysis (10)
Scrolls
 c - 10 scrolls of identify {!r}
 d - 3 scrolls of magic mapping {!r}
 e - 2 scrolls of immolation {!r}
 f - 2 scrolls of teleportation {!r}
 i - a scroll of amnesia {!r}
 j - 2 scrolls of enchant armour {!r}
 k - 2 scrolls of fog {!r}
 l - 3 scrolls of remove curse {!r}
 m - a scroll of blinking {!r}
 u - a scroll of noise {!r}
 F - a scroll of enchant weapon {!r, unknown}


   Skills:
 - Level 7.0 Fighting
 - Level 9.0 Dodging
 - Level 1.5 Stealth
 + Level 8.3 Spellcasting
 - Level 5.0 Conjurations
 - Level 0.7 Summonings
 * Level 8.6 Necromancy
 - Level 0.7 Translocations


You had 5 spell levels left.
You knew the following spells:

 Your Spells              Type           Power        Failure   Level  Hunger
a - Magic Dart            Conj           ###.         1%          1    N/A
b - Call Imp              Summ           #.......     13%         2    N/A
c - Dispel Undead         Necr           ####....     10%         5    N/A
d - Bolt of Draining      Conj/Necr      ####......   19%         5    N/A
e - Mephitic Cloud        Conj/Pois/Air  ##......     17%         3    N/A
s - Conjure Flame         Conj/Fire      ##......     12%         3    N/A
v - Blink                 Tloc           N/A          13%         2    N/A

Dungeon Overview and Level Annotations

Branches:
Dungeon (11/15)            Temple (1/1) D:4            Lair (0/6) D:9
    Orc (0/2) D:10

Altars:
Ashenzari
Cheibriados
Dithmenos
Elyvilon
Fedhas
Gozag
Hepliaklqana
Kikubaaqudgha
Makhleb
Nemelex Xobeh
Okawaru
Qazlal
Ru
Sif Muna
Trog
Uskayaw
Vehumet
Wu Jian
Xom
Yredelemnul
Zin
The Shining One

Shops:
D:8 *   D:9 (


Innate Abilities, Weirdness & Mutations

You do not eat or drink.
Your flesh is vulnerable to fire.
You are immune to poison.
Your flesh is cold resistant. (rC+)
You are immune to negative energy. (rN+++)
You are immune to unholy pain and torment.
You can survive without breathing.


Message History

The minotaur throws a javelin of penetration.
The javelin of penetration misses you.
The minotaur throws a javelin of penetration.
The javelin of penetration pierces through you!!
* * * LOW HITPOINT WARNING * * *
The minotaur throws a javelin of penetration.
The javelin of penetration pierces through you!
* * * LOW HITPOINT WARNING * * *
You see here a javelin of penetration.
Casting: Dispel Undead (slightly dangerous; 10% risk of failure)
Confirm with . or Enter, or press ? or * to list all spells.
Aiming: Conjure Flame (safe; 12% risk of failure)
Press: ? - help, Dir - move target cursor
Okay, then.
Okay, then.
Casting: Conjure Flame (safe; 12% risk of failure)
Confirm with . or Enter, or press ? or * to list all spells.
Okay, then.
Casting: Conjure Flame (safe; 12% risk of failure)
Confirm with . or Enter, or press ? or * to list all spells.
Aiming: Conjure Flame (safe; 12% risk of failure)
Press: ? - help, Dir - move target cursor The fire ignites!
Casting: Conjure Flame (safe; 12% risk of failure)
Confirm with . or Enter, or press ? or * to list all spells.
Aiming: Mephitic Cloud (safe; 17% risk of failure)
Press: ? - help, Shift-Dir - straight line The ball explodes into a vile cloud!
The stinking cloud engulfs you!
Evoke which item? (* to show all) (? for menu, Esc to quit)
Okay, then.
Evoke which item? (* to show all) (? for menu, Esc to quit)
Okay, then.
Unknown command.
Evoke which item? (* to show all) (? for menu, Esc to quit)
Okay, then.
Unknown command.
Evoke which item? (* to show all) (? for menu, Esc to quit)
Aiming: Paralyse
Press: ? - help, Shift-Dir - straight line, f - minotaur
Aim: a minotaur, wearing a chain mail and quivering 19 javelins of penetration (noxious fumes, chance to defeat MR: 1%)
Okay, then.
The minotaur is engulfed in noxious fumes.
The minotaur is engulfed in noxious fumes.
The minotaur throws a javelin of penetration.
The javelin of penetration pierces through you!!
* * * LOW HITPOINT WARNING * * *
You see here a javelin of penetration.
Really read
f - 3 scrolls of teleportation {!r}?
As you read the scroll of teleportation {!r}, it crumbles to dust.
You feel strangely unstable.
The minotaur throws a javelin of penetration.
The javelin of penetration barely misses you.
You see here a javelin of penetration.
Casting: Mephitic Cloud (safe; 17% risk of failure)
Confirm with . or Enter, or press ? or * to list all spells.
Aiming: Mephitic Cloud (safe; 17% risk of failure)
Press: ? - help, Shift-Dir - straight line, f - minotaur
Aim: a minotaur, wearing a chain mail and quivering 17 javelins of penetration You miscast Mephitic Cloud.
You are very lightly contaminated with residual magic.
Your bandages stand on end.
The minotaur throws a javelin of penetration.
The javelin of penetration pierces through you!!
You die...

# # # # ....#
## #.#.#
.###.# .
.#.... . #.#
#. ### # ##
.### #.. #...#
. ## ###
.###.#
.#.#.H.# . # #
.#.# ..#
#H#@#. .#
.###.### #
#...#...# .
######(# #.# #
....H.....((..
▓▓ ▓ ▓▓▓▓▓▓▓▓▓
▓▓▓


You could see a minotaur.

Vanquished Creatures
  3 two-headed ogres (D:8)
  An unseen horror (D:10)
  The ghost of Totori the Slasher, a novice DsFi (D:6)
  A troll (D:10)
  Grinder (D:3)
  Prince Ribbit (D:7)
  A redback (Lab)
  3 hungry ghosts (Lab)
  A two-headed ogre zombie (D:8)
  An ice beast (D:6)
  3 orc warriors
  2 phantoms
  An eye of draining (D:10)
  4 sky beasts
  An ogre (D:5)
  2 centaurs
  2 big kobolds
  A hippogriff zombie (D:8)
  2 cyclops zombies (D:8)
  An earth elemental (Lab)
  8 gnoll sergeants (Bailey)
  8 bullfrogs
  A water moccasin zombie (D:8)
  A wyvern skeleton (D:9)
  A yak skeleton (D:9)
  9 killer bees (D:9)
  4 wights (D:7)
  A troll zombie (D:8)
  3 howler monkeys (D:8)
  2 bullfrog zombies
  2 crimson imps
  2 centaur zombies
  3 orc priests
  5 hounds
  3 jellies
  13 orc wizards
  2 centaur skeletons
  6 gnoll shamans (Bailey)
  2 iguanas
  7 worker ants
  A hound zombie (D:8)
  2 hound skeletons
  A howler monkey zombie (D:9)
  2 worker ant zombies (D:6)
  14 gnolls (Bailey)
  9 adders
  A shadow imp (D:7)
  3 oozes
  5 worms
  3 dart slugs
  10 leopard geckos
  33 orcs
  8 giant cockroaches
  11 goblins
  6 hobgoblins
  9 jackals
  2 quokkas
  8 bats
  7 frilled lizards
  A hobgoblin skeleton (D:9)
  A jackal skeleton (D:4)
  A jackal zombie (D:8)
  12 kobolds
  A quokka zombie (D:7)
  6 rats
  A rat zombie (D:8)
274 creatures vanquished.

Vanquished Creatures (collateral kills)
  Sigmund (D:2)
  2 adders (D:1)
  A worm (D:2)
  An orc (D:10)
  A hobgoblin (D:2)
  5 jackals
  A quokka (D:2)
  A frilled lizard (D:4)
13 creatures vanquished.

Vanquished Creatures (others)
  A plant (D:6)
1 creature vanquished.

Grand Total: 288 creatures vanquished

Notes
Turn   | Place    | Note
-------+----------+-------------------------------------------
     0 | D:1      | Amnesiac the Mummy Wizard began the quest for the Orb.
     0 | D:1      | Reached XP level 1. HP: 13/13 MP: 5/5
   158 | D:1      | Reached skill level 1 in Conjurations
   309 | D:1      | Reached skill level 2 in Dodging
   309 | D:1      | Reached XP level 2. HP: 20/20 MP: 5/7
   313 | D:1      | Learned a level 2 spell: Call Imp
   718 | D:2      | Reached skill level 1 in Fighting
  1061 | D:4      | Reached XP level 3. HP: 18/26 MP: 3/8
  1066 | D:4      | Learned a level 3 spell: Conjure Flame
  1070 | D:4      | Learned a level 3 spell: Mephitic Cloud
  1220 | D:4      | Found a staircase to the Ecumenical Temple.
  1230 | Temple   | Entered the Ecumenical Temple
  1347 | Temple   | Became a worshipper of Kikubaaqudgha
  1752 | D:1      | Reached XP level 4. HP: 32/32 MP: 1/10
  2640 | D:2      | Reached * piety under Kikubaaqudgha
  2640 | D:2      | Identified Kikubaaqudgha's Almanac of Evil Rituals (Kikubaaqudgha gifted it to you on level 2 of the Dungeon)
  2640 | D:2      | Received a gift from Kikubaaqudgha
  2640 | D:2      | Reached skill level 3 in Dodging
  2757 | D:2      | Noticed Sigmund
  2847 | D:2      | Killed Sigmund
  2847 | D:2      | Reached skill level 1 in Necromancy
  2847 | D:2      | Reached XP level 5. HP: 13/39 MP: 1/11
  2847 | D:2      | Reached XP level 6. HP: 16/46 MP: 1/12
  3631 | D:3      | Found a glowing golden altar of the Shining One.
  3652 | D:3      | Found a glowing silver altar of Zin.
  4372 | D:3      | Noticed Grinder
  4392 | D:3      | Paralysed by Grinder for 4 turns
  4399 | D:3      | Killed Grinder
  4399 | D:3      | Reached skill level 4 in Dodging
  4399 | D:3      | Reached XP level 7. HP: 31/52 MP: 13/13
  5304 | D:4      | Reached ** piety under Kikubaaqudgha
  5308 | D:4      | Reached skill level 5 in Dodging
  5488 | D:5      | Entered Level 5 of the Dungeon
  5682 | D:5      | Got a crude trident
  5683 | D:5      | Identified the cursed +1 trident "Less" {pierce, -Tele rF+ Int+2 SInv} (You found it on level 5 of the Dungeon)
  5826 | D:5      | Found a shimmering altar of Xom.
  5836 | D:5      | Reached XP level 8. HP: 60/60 MP: 14/14
  6989 | D:6      | Noticed Totori's ghost (novice DsFi)
  7025 | D:6      | HP: 2/61 [Totori's ghost (3)]
  7390 | D:6      | Killed Totori's ghost
  7390 | D:6      | Reached skill level 5 in Fighting
  7390 | D:6      | Reached skill level 6 in Dodging
  7687 | D:7      | Reached XP level 9. HP: 16/68 MP: 13/15
  7699 | D:7      | Learned a level 2 spell: Blink
  7805 | D:7      | Reached skill level 7 in Dodging
  8036 | D:7      | Noticed Prince Ribbit
  8050 | D:7      | Killed Prince Ribbit
  8093 | D:7      | Found a flagged portal.
  8099 | D:7      | Got a bloodstained spear
  8102 | Bailey   | Entered a bailey
  8103 | Bailey   | Identified the +9 spear of Prudence {flame, +Fly rC+ rN++} (You found it on level 7 of the Dungeon)
  8125 | Bailey   | Reached *** piety under Kikubaaqudgha
  8125 | Bailey   | Identified Kikubaaqudgha's Handbook of Dark Rituals (Kikubaaqudgha gifted it to you in a bailey)
  8125 | Bailey   | Received a gift from Kikubaaqudgha
  8125 | Bailey   | Reached skill level 5 in Conjurations
  8519 | Bailey   | Reached skill level 8 in Dodging
  9102 | D:7      | Fell from the grace of Kikubaaqudgha
  9199 | Temple   | Became a worshipper of Sif Muna the Loreminder
  9517 | D:8      | Found Viabburo's Assorted Antiques.
  9517 | D:8      | Noticed a two-headed ogre
  9538 | D:8      | Killed a two-headed ogre
  9538 | D:8      | Reached skill level 5 in Spellcasting
  9538 | D:8      | Reached XP level 10. HP: 44/79 MP: 7/17
  9621 | D:8      | Noticed a two-headed ogre
  9655 | D:8      | Noticed a two-headed ogre
  9669 | D:8      | Killed a two-headed ogre
  9669 | D:8      | Reached skill level 9 in Dodging
  9750 | D:7      | Reached skill level 5 in Necromancy
 10533 | D:8      | Bought a tapered iron wand for 84 gold pieces
 10533 | D:8      | Bought an embroidered scarf for 168 gold pieces
 10822 | D:8      | Learned a level 5 spell: Dispel Undead
 10828 | D:8      | Learned a level 5 spell: Bolt of Draining
 10860 | D:8      | Got a steaming rapier
 10861 | D:8      | Identified the +8 rapier of Kygoig {flame, +Fly rC+ Int+2} (You found it on level 8 of the Dungeon)
 10929 | D:8      | Killed a two-headed ogre
 10929 | D:8      | Reached * piety under Sif Muna
 12751 | D:9      | Found an opulent altar of Gozag.
 13206 | D:9      | Found a staircase to the Lair.
 13215 | D:9      | Found Pisoxo's Weapon Emporium.
 13375 | D:9      | Fell from the grace of Sif Muna
 13874 | Temple   | Became a worshipper of Ashenzari the Shackled
 15009 | D:10     | Entered Level 10 of the Dungeon
 15531 | D:10     | Found a staircase to the Orcish Mines.
 15625 | D:10     | Killed an unseen horror
 15625 | D:10     | Reached XP level 11. HP: 34/84 MP: 3/22
 16541 | D:11     | Found a labyrinth entrance.
 16553 | Lab      | Entered a labyrinth
 18077 | Lab      | Noticed a minotaur
 18091 | Lab      | Hit by a javelin of penetration thrown by a minotaur

Vault maps used:
D:1:      scummos_arrival_simple_crosswalls
D:2:      uniq_sigmund
D:3:      lemuel_crystal_altar, nicolae_tso_carved_into_rock, uniq_grinder
D:4:      minmay_temple_entry_overgrown
D:5:      basic_altar, first_ration
D:6:      roderic_three_in_a_row, lexackson_kobold_supper
D:7:      enter_bailey_2, uniq_prince_ribbit1
D:8:      serial_shops, shop, blue_anna_alchemist
D:9:      lair_entry_dummy, serial_shops, shop,
          nicolae_gozag_cash_rules_everything_around_me
D:10:     hiddenorc1_lemuel
D:11:     lab_entry_generic, serial_shops, nicolae_shop_crystal
Temple:   regret_index_temple_sigil_plot
Lab:      nicolae_lab_lava, lab_block, nicolae_lab_diamond,
          labyrinth_skeletal_remains
Bailey:   bailey_polearm_gnolls_kennysheep, bailey

Skill      XL: |  1  2  3  4  5  6  7  8  9 10 11 |
---------------+----------------------------------+-----
Conjurations   | 1 2 3 4 5 |  5.0
Dodging        | 2 3 4 5 6 8 9 |  9.0
Fighting       | 1 2 3 5 7 |  7.0
Necromancy     | 1 2 3 4 8 |  8.6
Spellcasting   | 5 7 8 |  8.3
Stealth        | |  1.5
Summonings     | |  0.7
Translocations | |  0.7

Action                   |  1- 3 |  4- 6 |  7- 9 | 10-12 || total
-------------------------+-------+-------+-------+-------++-------
Melee: Unarmed           |    12 |     3 |       |       ||    15
       Spear             |       |       |    73 |   238 ||   311
       Rapier            |       |       |       |    41 ||    41
 Fire: Hunting sling     |       |   131 |   333 |       ||   464
 Cast: Magic Dart        |    69 |    94 |     2 |    49 ||   214
       Call Imp          |    11 |     8 |     3 |     1 ||    23
       Mephitic Cloud    |     2 |     1 |    37 |    14 ||    54
       Conjure Flame     |       |       |    16 |    18 ||    34
       Bolt of Draining  |       |       |       |    10 ||    10
       Blink             |       |       |       |     3 ||     3
       Dispel Undead     |       |       |       |     7 ||     7
Invok: Renounce Religion |       |       |     1 |     1 ||     2
       Divine Energy     |       |       |       |     1 ||     1
 Abil: Evoke Flight      |       |       |     3 |       ||     3
Evoke: Wand              |       |       |     3 |     5 ||     8
  Use: Scroll            |     1 |     2 |     8 |     1 ||    12
 Stab: Confused          |       |       |     2 |     4 ||     6
       Sleeping          |       |       |       |     1 ||     1
Armor: Robe              |    10 |    25 |     4 |    57 ||    96
       Leather armour    |       |       |    47 |    21 ||    68
Dodge: Dodged            |    47 |    67 |   146 |   196 ||   456

Table legend:
 A = Spawn XP
 B = Non-spawn XP
 C = Spawn XP percentage of total XP
 D = Spawn monster count
 E = Non-spawn monster count
 F = Spawn count percentage of total count
 G = Total turns spent on level
                    A         B        C        D         E        F      G
               +---------+---------+-------+---------+---------+-------+---------
         Total |       0 |   12921 |   0.0 |       0 |     276 |   0.0 | 18091
               +---------+---------+-------+---------+---------+-------+---------
           D:1 |       0 |      62 |   0.0 |       0 |      28 |   0.0 |  1509
           D:2 |       0 |     311 |   0.0 |       0 |      29 |   0.0 |  1305
           D:3 |       0 |     461 |   0.0 |       0 |      35 |   0.0 |  1345
           D:4 |       0 |     351 |   0.0 |       0 |      24 |   0.0 |  1165
           D:5 |       0 |     252 |   0.0 |       0 |       7 |   0.0 |  1436
           D:6 |       0 |    1196 |   0.0 |       0 |      18 |   0.0 |   840
           D:7 |       0 |    1668 |   0.0 |       0 |      25 |   0.0 |  1680
           D:8 |       0 |    3242 |   0.0 |       0 |      18 |   0.0 |  2557
           D:9 |       0 |    1575 |   0.0 |       0 |      29 |   0.0 |  1672
          D:10 |       0 |    1711 |   0.0 |       0 |      26 |   0.0 |  1497
        Temple |       0 |      38 |   0.0 |       0 |       2 |   0.0 |   544
           Lab |       0 |     841 |   0.0 |       0 |       5 |   0.0 |  1538
        Bailey |       0 |    1213 |   0.0 |       0 |      30 |   0.0 |   956
               +---------+---------+-------+---------+---------+-------+---------
